 Dungeon Crawl Stone Soup version 0.31-a0-4-gefa6de2278 (webtiles) character file.

Game seed: 10206227160164096684

53 sircluck the Chopper (level 3, -6/30 HPs)
             Began as a Minotaur Gladiator on May 4, 2023.
             Mangled by a gnoll
             ... wielding a +0 halberd
             ... led by a gnoll bouda
              (7 damage)
             ... on level 4 of the Dungeon.
             The game lasted 00:01:44 (1334 turns).

sircluck the Chopper (Minotaur Gladiator)           Turns: 1334, Time: 00:01:44

Health: -6/30      AC:  3    Str: 20    XL:     3   Next: 64%
Magic:  2/2        EV: 12    Int:  5    God:
Gold:   99         SH:  0    Dex: 11    Spells: 2/2 levels left

rFire   . . .        a - +0 war axe
rCold   . . .        (no shield)
rNeg    . . .        b - +0 leather armour
rPois   .            c - +0 hat
rElec   .            (no cloak)
rCorr   .            (no gloves)
SInv    .            (no boots)
Will    .....        (no amulet)
Stlth   +            (no ring)
HPRegen 0.25/turn    (no ring)
MPRegen 0.08/turn

%: no passive effects
@: no status effects
A: horns 2, retaliatory headbutt
a: no special abilities


You were on level 4 of the Dungeon.
You visited 1 branch of the dungeon, and saw 3 of its levels.

You collected 99 gold pieces.

Inventory:

Hand Weapons
 a - a +0 war axe (weapon)
Missiles
 d - 3 throwing nets (quivered)
 e - a javelin
Armour
 b - a +0 leather armour (worn)
 c - a +0 hat (worn)
Scrolls
 f - 2 scrolls of identify {unknown}
 g - a scroll of amnesia {unknown}
 h - a scroll of blinking {unknown}
 j - a scroll of enchant armour {unknown}
Potions
 i - a potion of mutation {unknown}
 k - a potion of curing {unknown}


   Skills:
 + Level 2.9 Fighting
 + Level 4.6 Axes
 + Level 2.2 Throwing
 + Level 1.1 Armour
 + Level 3.7 Dodging


You had 2 spell levels left.
You didn't know any spells.
Your spell library contained the following spells:

 Spells                   Type           Power      Damage    Failure   Level
 Portal Projectile        Hex/Tloc       0%         N/A       88%         3
 Tukima's Dance           Hex            0%         N/A       88%         3
 Blade Hands              Tmut           0%         N/A       100%        5


Dungeon Overview and Level Annotations

Branches:
Dungeon (4/15)             Temple (0/1) D:4

Altars:


Innate Abilities, Weirdness & Mutations

You have a pair of horns on your head.
You reflexively headbutt those who attack you in melee.


Message History

Found a gnarled jewelled staff.
A gnoll is nearby!
A gnoll, an orc and a goblin come into view.
The gnoll shouts!
The orc shouts!
There are monsters nearby!
The gnoll hits you with a +0 club.
A gnoll bouda comes into view. It is wielding a +0 club.
A gnoll comes into view. It is wielding a +0 club.
There are monsters nearby!
The gnoll bouda shouts!
The gnoll shouts!
You hit the gnoll.
The gnoll is lightly wounded.
You hear a shout!
There are monsters nearby!
You barely miss the gnoll.
The gnoll is lightly wounded.
The gnoll closely misses you. You furiously retaliate!
You headbutt the gnoll!
The gnoll hits you from afar with a +0 halberd!
The goblin closely misses you.
A gnoll comes into view. It is wielding a +0 spear.
The gnoll hits you with a +0 club. The gnoll hits you with a +0 club!
* * * LOW HITPOINT WARNING * * *
An endoplasm comes into view.
The goblin hits you with a +0 dagger.
* * * LOW HITPOINT WARNING * * *
The gnoll bouda barks out a call to the hunt!
The gnolls pick up the pace!
The endoplasm quivers.
The gnoll attacks as you move away! The gnoll hits you with a +0 club.
* * * LOW HITPOINT WARNING * * *
The gnoll attacks as you move away! The gnoll completely misses you.
The gnoll barely misses you. x2; You furiously retaliate!
You headbutt the gnoll, but do no damage.
The gnoll attacks as you move away! The gnoll completely misses you.
There is a large open door here.
The gnoll attacks as you move away! The gnoll hits you with a +0 club.
* * * LOW HITPOINT WARNING * * *
The gnoll hits you from afar with a +0 halberd!
You die...

#...# ## #...# .#.. #...+ .#...
###### #...# .#....
##≈≈≈≈#######...# .#....
##≈≈..≈≈##...g...##g..
##....####≈≈♣.♣♣≈≈#.g.g........
.........'..)♣.♣..g.###........
.........'..♣.♣.@gg..##...|....
≈........#≈≈♣♣.♣≈≈#...#...##...
≈≈≈......##≈≈..≈≈##...#...# ..
≈≈≈≈≈...####≈≈≈≈##....#.... .
≈≈≈≈≈≈.....########+###.....
≈≈≈≈≈≈....<# #.....J
≈≈≈≈≈≈.+#### ≈≈≈≈≈≈.....#
≈≈≈≈≈......#


You could see a gnoll bouda, 4 gnolls and a goblin.

Vanquished Creatures
  2 adders
  A dart slug (D:2)
  3 endoplasms (D:1)
  4 giant cockroaches
  2 goblins
  3 hobgoblins (D:1)
  5 jackals
  3 bats (D:1)
  A frilled lizard (D:1)
  2 kobolds
  4 rats (D:1)
  8 bushes (D:2)
38 creatures vanquished.

Notes
Turn   | Place    | Note
-------+----------+-------------------------------------------
     0 | D:1      | sircluck the Minotaur Gladiator began the quest for the
                  | Orb.
     0 | D:1      | Reached XP level 1. HP: 18/18 MP: 0/0
   102 | D:1      | Reached skill level 4 in Axes
   102 | D:1      | Reached XP level 2. HP: 25/25 MP: 1/1
   603 | D:2      | Reached skill level 1 in Armour
   603 | D:2      | Reached XP level 3. HP: 30/30 MP: 2/2
  1226 | D:2      | You fall into a shaft and drop 2 floors!
  1226 | D:4      | Found a staircase to the Ecumenical Temple.
  1333 | D:4      | HP: 1/30 [gnoll/+0 club[a gnoll bouda] (4)]
  1334 | D:4      | Mangled by a gnoll

Illustrated notes

Levels and vault maps discovered:
D:1:      sevenhm_arrival_forest_fort_large_4, layout_basic,
          shapermc_ecumenical_altar_starsandcircs,
          chequers_serial_rivers_micro_a, minmay_worlds_worst_comb
D:2:      layout_loops_ring, minmay_hedge_maze, nicolae_kite_square_tiling_tiny,
          nicolae_figureground_sparkle
D:4:      layout_gridville, mainiacjoe_overflow_boulevard,
          lemuel_coloured_pillars_altar, temple_pool_b,
          kennysheep_generic_room_3

Skill      XL: |  1  2 |
---------------+-------+-----
Axes           | 4 |  4.6
Armour         | 1 |  1.1
Fighting       | |  2.9
Throwing       | |  2.2
Dodging        | |  3.7

Action                     || total
---------------------------++-------
  Melee: War axe           ||   294
         Headbutt          ||   105
         Punch             ||     4
 Armour: Leather armour    ||    43
  Dodge: Dodged            ||   130

Table legend: (Time is in decaauts)
 A = Elapsed time spent in this place.
 B = Non-inter-level travel time spent in this place.
 C = Inter-level travel time spent in this place.
 D = Time resting spent in this place.
 E = Time spent auto-exploring this place.
 F = Levels seen in this place.
 G = Mean time per level.
                   A        B        C        D        E       F      G
               +--------+--------+--------+--------+--------+-----+--------+
         Total |   1418 |   1390 |     28 |      0 |    514 |   3 |  472.7 |
       Dungeon |   1418 |   1390 |     28 |      0 |    514 |   3 |  472.7 |
               +--------+--------+--------+--------+--------+-----+--------+

Top non-repeatable levels by time:
     D:2: 772 daAuts
     D:1: 535 daAuts
     D:4: 109 daAuts
